Map: Persephone LE

Players

jeannysu - Winner!

  • Race: Zerg Zerg
  • Spawn Location: 11:00

인공지능 칸 (정예)

  • Race: Terran Terran
  • Spawn Location: 7:00

VOD

Have the link to the VOD?

Description

Time

  • Played on: Oct. 2, 2025, 8:23 a.m.
  • Length: 14:02
Show
View Real Time Build Order
Export as new Build Order

jeannysu Zerg - Winner!

Build Orders: Hatch First 

Get SALT Encoding   

  12  0:00  Drone  
  13  0:12  Overlord  
  13  0:16  Drone  
  14  0:30  Drone x2  
  16  0:48  Hatchery  
  16  0:49  Drone  
  16  0:54  Drone  
  16  0:56  Drone  
  18  1:08  Extractor  
  17  1:12  Spawning Pool  
  17  1:14  Drone  
  17  1:18  Drone  
  18  1:28  Drone  
  19  1:38  Drone  
  20  1:49  Overlord  
  20  1:59  Queen  
  20  2:00  Queen  
  25  2:01  Zergling x4  
  26  2:16  Drone x2  
  26  2:20  Metabolic Boost  
  29  2:22  Drone  
  29  2:23  Drone  
  30  2:40  Hatchery  
  30  2:43  Queen  
  31  2:47  Drone  
  31  2:49  Drone  
  33  2:52  Drone  
  33  2:54  Drone  
  35  3:11  Overlord  
  35  3:12  Drone  
  36  3:15  Overlord  
  36  3:29  Drone x6  
  42  3:39  Drone  
  43  3:47  Roach Warren  
  42  3:48  Drone  
  42  3:49  Drone x4  
  42  3:51  Lair  
  47  3:57  Drone  
  47  3:58  Drone x2  
  47  3:59  Overlord x2  
  50  4:04  Queen  
  50  4:08  Drone  
  53  4:12  Extractor  
  52  4:19  Evolution Chamber, Extractor  
  52  4:20  Extractor  
  50  4:32  Drone  
  50  4:33  Drone x10  
  50  4:35  Evolution Chamber  
  50  4:36  Overlord x2  
  60  4:44  Drone  
  61  4:51  Drone x2  
  61  4:52  Drone  
  64  4:54  Drone  
  64  4:55  Drone  
  64  4:58  Queen  
  64  4:59  Queen  
  70  5:01  Zerg Ground Armor Level 1  
  70  5:05  Drone x3  
  70  5:06  Drone x2  
  75  5:07  Drone  
  75  5:12  Spire  
  75  5:15  Overlord  
  75  5:23  Extractor  
  75  5:24  Drone x2, Extractor  
  75  5:25  Drone x4  
  75  5:27  Zergling x2  
  75  5:28  Zergling x6  
  83  5:33  Zerg Melee Weapons Level 1  
  83  6:06  Zergling x2  
  83  6:07  Zergling x12  
  83  6:08  Zergling x16  
  98  6:14  Hatchery  
  97  6:19  Overlord x4  
  97  6:42  Mutalisk  
  97  6:43  Mutalisk x8  
  115  6:51  Overseer  
  115  6:54  Zerg Flyer Weapons Level 1  
  115  6:58  Zerg Ground Armor Level 2, Spire  
  114  7:14  Hatchery  
  114  7:15  Mutalisk  
  113  7:16  Mutalisk x4  
  123  7:32  Infestation Pit  
  123  7:35  Queen  
  123  7:36  Drone  
  125  7:38  Pneumatized Carapace  
  125  7:45  Mutalisk  
  125  7:46  Mutalisk x2  
  131  7:55  Drone  
  131  7:56  Drone x4  
  136  7:59  Overlord x4  
  136  8:14  Overlord x3  
  136  8:15  Overlord x2  
  136  8:28  Mutalisk  
  136  8:29  Mutalisk x6  
  136  8:33  Zergling x20  
  160  8:37  Hive  
  160  8:42  Zerg Flyer Armor Level 1  
  160  8:44  Drone, Extractor  
  160  8:45  Drone x8, Extractor  
  167  8:58  Zerg Flyer Weapons Level 2  
  165  9:20  Microbial Shroud  
  165  9:23  Hydralisk Den  
  160  10:24  Ultralisk Cavern  
  159  10:33  Extractor  
  156  10:35  Extractor  
  155  10:54  Infestor x3  
  161  10:59  Grooved Spines  
  161  11:02  Zerg Flyer Armor Level 2  
  161  11:03  Overlord  
  161  11:04  Overlord  
  136  11:38  Zergling x2  
  136  11:39  Zergling x14  
  144  11:40  Zergling x34  
  144  11:41  Zergling x2  
  144  11:42  Ultralisk x2  
  144  11:43  Ultralisk x4  
  198  11:49  Muscular Augments  
  190  11:58  Drone  
  190  11:59  Drone x9  
  200  12:06  Chitinous Plating  
  200  12:31  Hatchery  
  161  13:03  Zergling x2  
  161  13:04  Zergling x44  
  161  13:05  Zergling x42  
  168  13:58  Unknown  
Show
View Real Time Build Order
Export as new Build Order

인공지능 칸 (정예) Terran 

Build Orders: 2 Factory, Mech 

Get SALT Encoding   

  12  0:00  SCV  
  13  0:13  SCV  
  14  0:18  Supply Depot  
  14  0:25  SCV  
  15  0:39  SCV  
  15  0:42  Barracks  
  16  0:52  SCV  
  17  1:04  SCV  
  18  1:16  SCV  
  18  1:17  Supply Depot  
  19  1:21  Refinery  
  19  1:28  SCV  
  19  1:29  Marine  
  21  1:40  SCV  
  22  1:47  Marine  
  22  1:49  Refinery  
  22  1:52  SCV  
  24  2:04  Marine, SCV  
  26  2:16  SCV  
  26  2:19  Factory  
  26  2:22  Marine  
  27  2:28  SCV  
  29  2:39  Factory  
  29  2:40  Marine, SCV  
  29  2:42  Supply Depot  
  31  2:54  Orbital Command  
  31  3:03  Marine  
  31  3:05  Factory Tech Lab  
  32  3:19  SCV  
  33  3:21  Marine  
  33  3:22  Command Center, Factory Tech Lab  
  34  3:31  SCV  
  35  3:43  SCV  
  36  3:55  SCV  
  37  3:56  Barracks  
  37  4:06  Supply Depot  
  37  4:07  SCV  
  38  4:19  SCV  
  39  4:27  Siege Tank x2  
  39  4:30  Supply Depot  
  45  4:31  SCV  
  45  4:34  Marine, SCV  
  48  4:43  Supply Depot, SCV  
  49  4:46  SCV  
  50  4:53  Barracks  
  50  4:55  SCV  
  50  4:58  SCV  
  50  4:59  Siege Tank x2  
  58  5:08  SCV  
  58  5:10  SCV  
  60  5:15  Barracks Tech Lab  
  60  5:17  Factory  
  60  5:20  SCV  
  61  5:22  Command Center  
  61  5:31  Siege Tank  
  61  5:32  Hellion  
  66  5:42  Armory  
  66  5:53  Hellion  
  66  5:56  Supply Depot  
  69  6:04  Hellion  
  69  6:05  Hellion  
  69  6:07  Armory  
  71  6:15  Hellion  
  73  6:25  Hellion  
  75  6:30  Supply Depot, Terran Vehicle Weapons Level 1  
  75  6:33  Marine x2  
  75  6:34  Hellion, Marine  
  75  6:36  SCV, Siege Tank  
  84  6:40  SCV  
  84  6:41  SCV  
  85  6:48  SCV  
  85  6:54  Terran Vehicle And Ship Armor Level 1  
  86  6:58  Refinery  
  86  7:03  Hellion x2  
  92  7:08  Hellion, Infernal Pre-Igniter  
  91  7:16  Command Center  
  91  7:23  SCV  
  91  7:24  Hellion x2, SCV  
  91  7:29  Supply Depot, SCV  
  98  7:39  Thor  
  104  7:51  Thor  
  103  7:56  Supply Depot  
  109  7:59  Orbital Command  
  109  8:08  Engineering Bay  
  109  8:13  Factory Tech Lab  
  109  8:22  Siege Tank  
  109  8:23  Supply Depot  
  111  8:28  SCV x2  
  111  8:29  SCV  
  111  8:30  SCV  
  115  8:37  Missile Turret  
  115  8:39  Missile Turret  
  115  8:40  Terran Vehicle Weapons Level 2, SCV  
  116  8:42  SCV  
  116  8:44  SCV  
  116  8:46  SCV  
  119  8:52  SCV  
  119  8:55  SCV  
  120  8:56  SCV  
  120  8:58  SCV  
  120  9:01  Marine  
  122  9:04  Marine, SCV  
  122  9:06  Marine  
  122  9:07  SCV  
  122  9:08  SCV  
  122  9:10  SCV  
  122  9:16  SCV  
  124  9:19  Marine, SCV  
  124  9:21  SCV  
  124  9:22  Marine, SCV  
  129  9:24  Marine  
  129  9:28  Supply Depot  
  130  9:34  Orbital Command, Starport  
  130  9:37  Marine  
  131  9:39  Stimpack  
  131  9:40  Marine  
  131  9:42  Marine  
  131  9:43  Hellion  
  134  9:46  Hellion  
  134  9:49  SCV  
  136  9:53  Supply Depot  
  136  9:54  Marine  
  136  9:56  Hellion  
  136  9:58  Marine, SCV  
  128  10:13  Liberator  
  128  10:18  SCV  
  128  10:19  SCV  
  128  10:21  SCV  
  122  10:22  Command Center  
  122  10:25  Marine  
  122  10:27  Marine  
  124  10:29  Marine  
  124  10:30  SCV  
  127  10:35  SCV  
  127  10:36  Supply Depot  
  127  10:38  SCV  
  127  10:42  SCV  
  127  10:44  Supply Depot  
  127  10:47  SCV  
  125  10:50  SCV  
  125  10:54  SCV  
  127  10:57  Liberator  
  127  11:00  SCV  
  127  11:02  SCV  
  132  11:06  SCV  
  132  11:12  SCV  
  132  11:13  Supply Depot  
  132  11:19  SCV  
  129  11:26  Marine  
  129  11:27  SCV  
  129  11:30  SCV  
  132  11:35  SCV  
  132  11:39  Factory  
  132  11:40  Liberator  
  135  11:47  Command Center  
  135  11:50  SCV  
  135  11:53  SCV  
  132  11:54  SCV  
  132  12:00  Marine x2  
  135  12:02  SCV  
  135  12:05  SCV  
  137  12:13  Supply Depot  
  137  12:18  Marauder, Ghost Academy  
  139  12:23  Liberator  
  142  12:39  Marauder, Supply Depot  
  144  12:46  Thor  
  144  12:48  Marine  
  91  12:59  Refinery  
  91  13:00  Ghost  
  70  13:05  Liberator  
  70  13:06  Marine  
  70  13:11  Refinery  
  70  13:19  Refinery  
  59  13:21  SCV  
  59  13:24  Marine, SCV  
  57  13:29  Marine  
  57  13:30  SCV  
  57  13:33  SCV  
  56  13:37  SCV  
  49  13:42  Marine  
Tags
 
Composition
Mech
Matchup
TvZ
Replay Pack
새 폴더
Spawn Locations
Close Positions
Add a new tag
Caveats
  • Supply blocks, unpowered buildings, or Contaminate may cause inaccurate times.
  • Supply counts are checked every 10 seconds.